AoeStats
← 悠律

MegaRandom

509139229Analyzed
4v4 RM · 7d ago on Sep 25, 2026· 32m 20s· 8 players
Game mode
Random Map
Map size
Large (8 player)
Population
200
Speed
Normal
Resources
Standard
Victory
Conquest
Starting age
Dark Age
Ending age
Imperial Age
RankedLock teamsTeams togetherTeam positionsShared explorationLock speedFull tech treeHidden civsTurbo modeCheats
Victory
Defeat
🇨🇳 Varangians · China
1865
+10
🇨🇳 Britons · China
1810
+12
1726
+15
🇨🇳 Jurchens · China
1575
+22
🇨🇿 Britons · Czechia
1787
-18
🇨🇿 Japanese · Czechia
1735
-15
🇨🇿 Franks · Czechia
1704
-14
🇨🇿 Persians · Czechia
1638
-12
Ovenka
7:46 Loom
10:26 Feudal Age
11:10 Double-Bit Axe
11:57 Fletching
14:08 Horse Collar
19:36 Wheelbarrow
23:58 Castle Age
25:01 Bodkin Arrow
24:51 Crossbowman
26:56 Padded Archer Armor
29:17 Ballistics
Elladai
9:51 Loom
12:02 Feudal Age
15:04 Double-Bit Axe
18:28 Castle Age
16:58 Forging
19:13 Scale Barding Armor
22:06 Husbandry
25:08 Wheelbarrow
25:38 Chain Barding Armor
29:37 Iron Casting
29:02 Light Cavalry
Voskarius
7:14 Loom
10:06 Feudal Age
11:31 Double-Bit Axe
11:58 Scale Barding Armor
12:41 Double-Bit Axe
16:20 Horse Collar
20:15 Wheelbarrow
22:25 Castle Age
21:56 Bloodlines
22:22 Forging
23:33 Chain Barding Armor
25:38 Husbandry
alesh
12:23 Feudal Age
10:47 Loom
12:07 Loom
12:47 Man-at-Arms
17:21 Fletching
19:37 Castle Age
18:33 Gold Mining
18:46 Double-Bit Axe
20:19 Bodkin Arrow
21:53 Crossbowman
24:48 Ballistics
24:30 Padded Archer Armor
24:26 Town Watch
27:43 Horse Collar
悠律
6:52 Loom
10:39 Feudal Age
11:06 Double-Bit Axe
18:39 Fletching
20:51 Castle Age
18:53 Padded Archer Armor
19:54 Gold Mining
19:46 Horse Collar
21:06 Crossbowman
21:42 Bodkin Arrow
22:09 Bow Saw
23:37 Ballistics
26:37 Gold Shaft Mining
26:27 Fishing Lines
26:41 Town Watch
27:33 Wheelbarrow
30:06 Stone Mining
31:09 Clinker Construction
32:03 Caravan
32:58 Hand Cart
犹大sama
11:10 Feudal Age
9:30 Loom
11:39 Feudal Age
12:19 Double-Bit Axe
15:16 Castle Age
13:44 Horse Collar
14:37 Bloodlines
16:26 Scale Mail Armor
16:34 Scale Barding Armor
20:09 Forging
23:15 Wheelbarrow
27:08 Iron Casting
27:45 Gold Mining
28:49 Husbandry
29:38 Chain Barding Armor
31:22 Gold Shaft Mining
31:47 Heavy Plow
RTMaxwell
5:33 Loom
11:25 Feudal Age
15:08 Castle Age
13:39 Double-Bit Axe
14:16 Fishing Lines
16:28 Bow Saw
16:10 Gillnets
17:57 Fletching
20:27 Bodkin Arrow
24:16 Forging
24:21 Husbandry
25:12 Scale Barding Armor
26:24 Bloodlines
29:22 Chain Barding Armor
30:29 Iron Casting
32:01 Wheelbarrow
31:21 Gold Mining
鹿乃子乃子虎视眈眈
3:03 Loom
11:13 Feudal Age
13:28 Fletching
16:46 Wheelbarrow
19:36 Castle Age
18:34 Double-Bit Axe
19:42 Crossbowman
21:55 Bodkin Arrow
27:48 Padded Archer Armor
Connection lost

Rejoining the realm…

Still unreachable

The connection could not be restored.

Session expired

The server has moved on; the page needs a fresh start.